 Dungeon Crawl Stone Soup version 0.20.0-10-g0535bb4 (webtiles) character file.

2137 Soyweiser the Spear-Bearer (level 9, 0/61 HPs)
             Began as a Merfolk Skald on June 6, 2017.
             Was an Initiate of Okawaru.
             Slain by Erica
             ... wielding a +3 scimitar of flaming
              (5 damage)
             ... on level 8 of the Dungeon.
             The game lasted 00:49:24 (9779 turns).

Soyweiser the Spear-Bearer (Merfolk Skald)          Turns: 9779, Time: 00:49:25

Health: 0/61       AC: 10    Str: 15    XL:     9   Next: 30%
Magic:  1/14       EV: 14    Int: 12    God:    Okawaru [......]
Gold:   362        SH:  0    Dex: 16    Spells: 5/15 levels left

rFire    . . .     SeeInvis .   l - +2 halberd (flame)
rCold    . . .     Gourm    .   (shield currently unavailable)
rNeg     . . .     Faith    .   d - +0 leather armour {MR+}
rPois    .         Spirit   .   I - +2 helmet
rElec    .         Reflect  .   (no cloak)
rCorr    .         Harm     .   x - +0 pair of gloves
MR       +....                  p - +2 pair of boots
Stlth    +.........             (no amulet)
Regen    0.2/turn               C - +3 ring of dexterity
MPRegen  0.2/turn               (no ring)

@: infused, very slightly contaminated
A: change form in water, swift swim, stealthy swim
a: Renounce Religion


You were on level 8 of the Dungeon.
You worshipped Okawaru.
Okawaru was noncommittal.
You were hungry.

You visited 2 branches of the dungeon, and saw 10 of its levels.

You collected 362 gold pieces.

Inventory:

Hand Weapons
 l - a +2 halberd of flaming (weapon)
 q - a +0 blowgun
Missiles
 b - 2 throwing nets
 e - 244 stones
 s - 13 curare-tipped needles
 D - 14 tomahawks of returning (quivered)
Armour
 d - a +0 leather armour of magic resistance (worn)
 p - a +2 pair of boots (worn)
 x - a +0 pair of gloves (worn)
 F - a +0 pair of gloves
 I - a +2 helmet (worn)
Jewellery
 y - a cursed ring of loudness {unknown}
 C - a +3 ring of dexterity (left hand)
Wands
 a - a wand of flame (26/48)
 j - a wand of scattershot (6/9)
 B - a wand of iceblast (5/15)
 E - a wand of paralysis (13/24)
 L - a wand of flame (2/48)
Scrolls
 f - 2 scrolls of recharging
 k - 4 scrolls of teleportation
 n - 2 scrolls of enchant armour
 r - 3 scrolls of fog
 u - a scroll of enchant weapon {unknown}
 z - a scroll of immolation
 A - a scroll of fear {unknown}
 G - 2 scrolls of magic mapping
 K - a scroll of amnesia {unknown}
Potions
 h - 3 potions of agility
 i - 2 potions of berserk rage
 t - 2 potions of curing
 v - a potion of invisibility
 w - a potion of resistance {unknown}
 O - a potion of magic {unknown}
 P - a potion of might
Books
 c - a book of Battle

   Spells                             Type                      Level
   a - Infusion                       Charms                       1
   b - Shroud of Golubria             Charms/Translocation         2
   c - Song of Slaying                Charms                       2
   d - Spectral Weapon                Hexes/Charms                 3
   e - Regeneration                   Charms/Necromancy            3
 N - a book of Changes

   Spells                             Type                      Level
   a - Beastly Appendage              Transmutation                1
   b - Sticks to Snakes               Transmutation                2
   c - Spider Form                    Transmutation/Poison         3
   d - Ice Form                       Ice/Transmutation            4
   e - Blade Hands                    Transmutation                5
Comestibles
 g - 2 royal jellies
 m - 5 meat rations
 o - a fruit


   Skills:
 - Level 2.1 Fighting
 * Level 9.3 Polearms
 + Level 2.8 Armour
 - Level 4.0 Dodging
 + Level 3.6 Spellcasting
 - Level 3.0 Hexes
 + Level 6.8 Charms
 - Level 2.9 Necromancy
 - Level 1.8 Translocations
 + Level 4.0 Transmutations


You had 5 spell levels left.
You knew the following spells:

 Your Spells              Type           Power        Failure   Level  Hunger
a - Infusion              Chrm           ###.         1%          1    #......
b - Shroud of Golubria    Chrm/Tloc      ##........   7%          2    ##.....
c - Regeneration          Chrm/Necr      ##........   11%         3    ###....
d - Spectral Weapon       Hex/Chrm       ##......     11%         3    ###....
e - Beastly Appendage     Tmut           ##....       5%          1    #......


Dungeon Overview and Level Annotations

Branches:
Dungeon (9/15)             Temple (1/1) D:7
   Lair: D:8-11         Orc: D:9-12

Altars:
Ashenzari
Cheibriados
Dithmenos
Elyvilon
Fedhas
Gozag
Hepliaklqana
Kikubaaqudgha
Makhleb
Nemelex Xobeh
Okawaru
Ru
Sif Muna
Trog
Uskayaw
Vehumet
Xom
Yredelemnul
Zin
The Shining One

Annotations:
D:4 exclusion: 2 downstairs
D:7 Pikel
D:8 Erica
D:9 MTVSty1e's ghost, novice GrFi


Message History

Your Transmutations skill increases to level 4!
Attack whom?
Press: ? - help, Dir - move target cursor You could not reach far enough!
Your skin stops crawling.
You hear some strange, mumbled words.
An orb of energy appears from out of thin air!
The orb of energy hits your spectral weapon.
Your spectral weapon shares its damage with you!
Your spectral weapon fades away.
The orb of energy explodes!
The mystic blast hits you!
* * * LOW HITPOINT WARNING * * *
Something hits you!
* * * LOW HITPOINT WARNING * * *
Something burns you.
* * * LOW HITPOINT WARNING * * *
You feel better. Something hits you!
* * * LOW HITPOINT WARNING * * *
Something burns you.
You die...

#.####.#####.#
#.##.........# #..
#.......####.# ...
#.#####.# ##. # #.#
.. ##.## #. #...#
####.#.#########..
.....(.(..(@{......
###..#.##########..
#..#. ..#### ... #


There were no monsters in sight!

Vanquished Creatures
  The ghost of Kalgoroth the Ducker, an amateur TrWr of Makhleb (D:5)
  Menkaure (D:7)
  An orc warrior (D:7)
  2 phantoms (D:6)
  A sky beast (D:6)
  A hornet zombie (D:6)
  2 centaurs
  A crocodile (D:6)
  3 bullfrogs
  A scorpion (D:4)
  4 crimson imps
  2 hounds
  An orc priest (D:3)
  3 jellies
  A centaur skeleton (D:4)
  6 orc wizards
  Ijyb (D:4)
  5 worker ants
  2 worker ant zombies (D:6)
  A howler monkey skeleton (D:7)
  5 adders
  4 shadow imps
  2 adder skeletons (D:4)
  4 worms
  4 dart slugs
  3 leopard geckos
  24 orcs
  7 bats
  4 giant cockroaches
  9 goblins
  10 hobgoblins
  7 jackals
  12 kobolds
  A quokka (D:4)
  3 ball pythons
  5 frilled lizards
  9 rats
153 creatures vanquished.

Vanquished Creatures (others)
  2 spectral weapons
2 creatures vanquished.

Grand Total: 155 creatures vanquished

Notes
Turn   | Place    | Note
-------+----------+-------------------------------------------
     0 | D:1      | Soyweiser the Merfolk Skald began the quest for the Orb.
     0 | D:1      | Reached XP level 1. HP: 16/16 MP: 3/3
   160 | D:1      | Reached XP level 2. HP: 5/22 MP: 0/5
   167 | D:1      | Learned a level 2 spell: Shroud of Golubria
   606 | D:1      | Reached skill level 1 in Armour
   817 | D:1      | Reached XP level 3. HP: 27/27 MP: 6/6
   824 | D:1      | Learned a level 3 spell: Regeneration
  1989 | D:2      | Reached XP level 4. HP: 33/33 MP: 7/7
  2795 | D:3      | Reached skill level 4 in Polearms
  2962 | D:3      | Found a burning altar of Makhleb.
  3184 | D:3      | Reached skill level 1 in Translocations
  3188 | D:3      | Found a shattered altar of Ashenzari.
  3233 | D:3      | Reached XP level 5. HP: 38/38 MP: 8/8
  3888 | D:5      | Entered Level 5 of the Dungeon
  4144 | D:3      | Reached skill level 5 in Charms
  4236 | D:3      | Reached skill level 1 in Necromancy
  4236 | D:3      | Reached XP level 6. HP: 40/44 MP: 4/9
  4242 | D:3      | Learned a level 3 spell: Spectral Weapon
  4626 | D:4      | Noticed Ijyb
  4638 | D:4      | Killed Ijyb
  4824 | D:4      | Found a sacrificial altar of Ru.
  4828 | D:4      | Got an encrusted chain mail
  4874 | D:4      | Found a glowing silver altar of Zin.
  4874 | D:4      | Found an opulent altar of Gozag.
  4886 | D:4      | Reached skill level 5 in Polearms
  5049 | D:4      | Found a blossoming altar of Fedhas.
  5245 | D:5      | Noticed Kalgoroth's ghost (amateur TrWr)
  5324 | D:4      | Reached XP level 7. HP: 17/50 MP: 2/10
  5864 | D:5      | Noticed a hand axe
  5866 | D:5      | Noticed a hand axe
  5868 | D:5      | Found a hide-covered altar of Uskayaw.
  6059 | D:6      | Reached skill level 1 in Hexes
  6064 | D:6      | Found Wycitruwa's Gadget Boutique.
  6095 | D:6      | Reached skill level 6 in Polearms
  6452 | D:6      | Found a shimmering altar of Xom.
  6453 | D:6      | Found a hazy altar of Hepliaklqana.
  6454 | D:6      | Noticed a spectral ugly thing
  6595 | D:6      | Learned a level 1 spell: Beastly Appendage
  6707 | D:6      | Reached XP level 8. HP: 22/56 MP: 7/11
  6937 | D:7      | Reached skill level 7 in Polearms
  6937 | D:7      | Reached skill level 1 in Transmutations
  7098 | D:7      | Found a staircase to the Ecumenical Temple.
  7159 | Temple   | Entered the Ecumenical Temple
  7709 | D:6      | Identified the cursed +1 chain mail of Egayttewn {+Blink rF+ MR+++ Str-5} (You found it on level 4 of the Dungeon)
  7836 | Temple   | Became a worshipper of Warmaster Okawaru
  7921 | D:7      | Reached skill level 8 in Polearms
  8242 | D:7      | Noticed Menkaure
  8255 | D:7      | Killed Menkaure
  8457 | D:7      | Reached XP level 9. HP: 14/61 MP: 1/14
  8768 | D:7      | Noticed Pikel
  8895 | D:6      | Found a sparkling altar of Nemelex Xobeh.
  8895 | D:6      | Found a bloodstained altar of Trog.
  8895 | D:6      | Found a white marble altar of Elyvilon.
  8995 | D:5      | Killed Kalgoroth's ghost
  9024 | D:5      | Reached skill level 9 in Polearms
  9311 | D:8      | Noticed a two-headed ogre
  9396 | D:9      | Noticed a troll
  9396 | D:9      | Noticed MTVSty1e's ghost (novice GrFi)
  9766 | D:8      | Noticed Erica
  9779 | D:8      | Slain by Erica

Skill      XL: |  1  2  3  4  5  6  7  8  9 |
---------------+----------------------------+-----
Dodging        | 3 4 |  4.0
Armour         | 1 2 |  2.8
Charms         | 4 5 6 |  6.8
Polearms       | 4 5 6 8 9 |  9.3
Translocations | 1 |  1.8
Necromancy     | 1 2 |  2.9
Hexes          | 1 2 3 |  3.0
Transmutations | 2 4 |  4.0
Spellcasting   | 3 |  3.6
Fighting       | |  2.1

Action                   |  1- 3 |  4- 6 |  7- 9 || total
-------------------------+-------+-------+-------++-------
Melee: Spear             |   149 |   218 |       ||   367
       Trident           |       |    90 |   244 ||   334
       Tailslap          |       |     2 |       ||     2
       Halberd           |       |       |    50 ||    50
Throw: Stone             |    18 |    34 |    17 ||    69
       Throwing net      |       |       |     1 ||     1
       Tomahawk          |       |       |     2 ||     2
 Cast: Infusion          |     4 |    19 |    18 ||    41
       Shroud of Golubri |       |    20 |    24 ||    44
       Spectral Weapon   |       |       |     4 ||     4
       Regeneration      |       |       |     3 ||     3
Evoke: Wand              |       |       |     7 ||     7
  Use: Scroll            |     3 |     2 |     9 ||    14
       Potion            |       |       |     8 ||     8
 Stab: Sleeping          |     1 |     1 |       ||     2
       Distracted        |       |       |     1 ||     1
  Eat: Bread ration      |     1 |       |     2 ||     3
       Chunk             |       |    12 |     6 ||    18
       Fruit             |       |       |     3 ||     3
Armor: Leather armour    |    31 |    83 |    93 ||   207
Dodge: Dodged            |    69 |   191 |   181 ||   441
